AoeStats
← ZonTik

MegaRandom

509588252Analyzed
3v3 RM · 5d ago on Sep 27, 2026· 58m 33s· 6 players
Game mode
Random Map
Map size
Normal (6 player)
Population
200
Speed
Normal
Resources
Standard
Victory
Conquest
Starting age
Dark Age
Ending age
Imperial Age
RankedLock teamsTeams togetherTeam positionsShared explorationLock speedFull tech treeHidden civsTurbo modeCheats
Victory
Defeat
🇷🇺 Gurjaras · Russia
631
+15
🇷🇺 Danes · Russia
624
+15
🇷🇺 Huns · Russia
597
+17
🇲🇾 Bohemians · Malaysia
631
-17
🇨🇳 Ethiopians · China
605
-15
🇸🇰 Romans · Slovakia
595
-15
mimi.michalov
0:44 Loom
13:50 Feudal Age
15:22 Wheelbarrow
14:33 Town Watch
14:33 Horse Collar
17:45 Double-Bit Axe
17:53 Gold Mining
17:54 Stone Mining
24:11 Castle Age
26:08 Hand Cart
27:20 Caravan
27:51 Town Patrol
34:20 Imperial Age
32:45 Forging
32:35 Scale Mail Armor
32:41 Scale Barding Armor
33:11 Heavy Plow
35:11 Bow Saw
35:36 Crop Rotation
35:34 Conscription
36:03 Husbandry
35:24 Cavalier
37:12 Iron Casting
38:30 Elite Centurion
40:30 Comitatenses
41:57 Blast Furnace
41:28 Chain Barding Armor
52:20 Plate Barding Armor
53:53 Man-at-Arms
2741328501
11:05 Feudal Age
14:56 Castle Age
21:24 Horse Collar
22:11 Double-Bit Axe
25:05 Heavy Plow
25:20 Bow Saw
31:20 Imperial Age
29:50 Coinage
30:07 Wheelbarrow
30:34 Forging
30:25 Scale Mail Armor
30:47 Gold Mining
30:49 Stone Mining
31:50 Hand Cart
32:08 Coinage
31:40 Caravan
32:51 Capped Ram
33:41 Squires
33:46 Arson
35:11 Two-Man Saw
35:04 Chain Mail Armor
35:24 Iron Casting
34:17 Halberdier
36:24 Royal Heirs
38:01 Husbandry
37:42 Siege Ram
38:16 Elite Shotel Warrior
43:33 Plate Mail Armor
44:15 Blast Furnace
45:11 Guilds
45:31 Banking
45:37 Banking
48:01 Ballistics
48:41 Chemistry
47:32 Guard Tower
48:46 Chemistry
47:54 Heavy Scorpion
51:20 Heavy Camel Rider
saw_moss
2:54 Loom
11:22 Feudal Age
12:26 Town Watch
14:27 Double-Bit Axe
15:16 Horse Collar
19:24 Fletching
19:34 Padded Archer Armor
23:03 Wheelbarrow
23:47 Fishing Lines
27:07 Arson
29:47 Castle Age
29:37 Padded Archer Armor
29:51 Forging
30:50 Bow Saw
31:33 Town Patrol
32:11 Squires
32:27 Demolition Ship
34:22 Crossbowman
35:44 Husbandry
35:07 Light Cavalry
36:02 Heavy Plow
37:54 Hand Cart
37:02 Pikeman
37:53 Gillnets
38:19 Medium Warships
39:10 Wagenburg Tactics
39:18 Caravan
44:21 Elite Skirmisher
49:00 Imperial Age
49:06 Heavy Scorpion
52:08 Chemistry
51:42 Conscription
52:15 Leather Archer Armor
52:55 Ballistics
52:33 Murder Holes
54:04 Illumination
53:39 Devotion
54:16 Theocracy
53:36 Herbal Medicine
54:17 Theocracy
54:24 Masonry
55:06 Fortified Wall
LadyBoy
9:37 Feudal Age
10:02 Double-Bit Axe
12:00 Horse Collar
19:22 Castle Age
18:15 Forging
19:37 Scale Barding Armor
22:06 Husbandry
28:42 Iron Casting
28:09 Scale Mail Armor
32:15 Treadmill Crane
33:03 Chain Barding Armor
36:16 Imperial Age
34:27 Bloodlines
37:36 Elite Shrivamsha Rider
38:14 Fletching
38:50 Caravan
40:01 Wheelbarrow
41:31 Bodkin Arrow
42:36 Plate Barding Armor
43:02 Kshatriyas
42:56 Gold Mining
42:57 Stone Mining
44:50 Gold Shaft Mining
44:50 Stone Shaft Mining
45:06 Elite Chakram Thrower
47:14 Siege Elephant
ZonTik
12:46 Feudal Age
19:53 Castle Age
18:32 Wheelbarrow
20:44 Forging
20:35 Scale Mail Armor
21:10 Stone Mining
21:10 Horse Collar
21:50 Fishing Lines
23:50 Iron Casting
23:34 Gold Mining
24:48 Squires
24:34 Gambesons
25:33 Double-Bit Axe
26:01 Gillnets
27:15 Arson
31:06 Chain Mail Armor
31:33 Gold Shaft Mining
36:22 Imperial Age
35:37 Bow Saw
35:29 Heavy Plow
36:34 Wheelbarrow
38:14 Blast Furnace
38:43 Plate Mail Armor
38:45 Conscription
40:00 Hand Cart
40:38 Stone Shaft Mining
41:20 Elite Varangian Guard
42:17 Hamask
44:13 Fletching
43:49 Elite Jomsviking
50:03 Capped Ram
50:42 Bodkin Arrow
51:08 Northmen's Fury
51:12 Siege Ram
54:48 Pikeman
55:27 Halberdier
Kolbas™
11:35 Feudal Age
12:14 Horse Collar
12:22 Double-Bit Axe
20:34 Castle Age
19:10 Fletching
19:25 Scale Barding Armor
21:45 Heavy Plow
22:25 Bow Saw
30:06 Town Watch
31:48 Gold Mining
31:51 Stone Mining
32:17 Husbandry
32:34 Forging
32:45 Chain Barding Armor
32:22 Bodkin Arrow
32:29 Scale Mail Armor
33:19 Town Patrol
33:06 Loom
33:57 Wheelbarrow
34:40 Marauders
43:58 Imperial Age
44:17 Iron Casting
43:57 Chain Mail Armor
45:08 Atheism
45:10 Elite Tarkan
48:04 Plate Barding Armor
Connection lost

Rejoining the realm…

Still unreachable

The connection could not be restored.

Session expired

The server has moved on; the page needs a fresh start.